 Dungeon Crawl Stone Soup version 0.20.1-1-g8b1a95d (webtiles) character file.

65 Targos the Skirmisher (level 4, 0/36 HPs)
             Began as a Human Abyssal Knight on Sept 3, 2017.
             Was a Follower of Lugonu.
             Slain by a worm (4 damage)
             ... on level 2 of the Dungeon.
             The game lasted 00:18:27 (1704 turns).

Targos the Skirmisher (Human Abyssal Knight)        Turns: 1704, Time: 00:18:28

Health: 0/36       AC:  3    Str: 12    XL:     4   Next: 34%
Magic:  5/5        EV: 11    Int: 12    God:    Lugonu [*.....]
Gold:   92         SH:  0    Dex: 14    Spells: 3/3 levels left

rFire    . . .     SeeInvis .   a - +1 falchion
rCold    . . .     Gourm    .   (no shield)
rNeg     . . .     Faith    .   e - +0 leather armour
rPois    .         Spirit   .   k - +0 hat
rElec    .         Reflect  .   (no cloak)
rCorr    .         Harm     .   (no gloves)
MR       .....                  (no boots)
Stlth    +.........             g - amulet of rage
Regen    0.2/turn               (no ring)
MPRegen  0.1/turn               (no ring)

@: confused, lethally poisoned (0 -> -3), flying
A: no striking features
a: Depart the Abyss, Renounce Religion, Evoke Berserk Rage


You were on level 2 of the Dungeon.
You worshipped Lugonu.
Lugonu was aware of your devotion.
You were full.

You visited 1 branch of the dungeon, and saw 2 of its levels.
You visited the Abyss 1 time.

You collected 92 gold pieces.

Inventory:

Hand Weapons
 a - a +1 falchion (weapon)
 b - a +0 hunting sling
Missiles
 f - 4 sling bullets
 p - 31 stones (quivered)
Armour
 e - a +0 leather armour (worn)
 k - a +0 hat (worn)
Jewellery
 g - an amulet of rage (around neck)
Scrolls
 d - 3 scrolls of remove curse {unknown}
 i - a scroll of teleportation {unknown}
 l - a scroll of identify {unknown}
 q - a scroll of recharging {unknown}
Potions
 h - a potion of flight
Comestibles
 c - 5 bread rations


   Skills:
 + Level 3.6 Fighting
 + Level 2.0 Long Blades
 + Level 1.4 Slings
 + Level 2.7 Armour
 + Level 1.2 Dodging
 + Level 0.9 Stealth
 + Level 2.1 Invocations


You had 3 spell levels left.
You didn't know any spells.

Dungeon Overview and Level Annotations

Branches:
Dungeon (2/15)

Altars:


Message History

It was a potion of flight.
You feel very buoyant.
You fly up into the air.
* * * LOW HITPOINT WARNING * * *
You feel sick.
* * * LOW HITPOINT WARNING * * *
You feel sick.
Okay, then.
It was a potion of magic.
Magic courses through your body.
It was a potion of ambrosia.
You are confused.
You feel invigorated.
* * * LOW HITPOINT WARNING * * *
You feel sick.
You hit the worm.
The worm is moderately wounded.
The worm bites you!
* * * LOW HITPOINT WARNING * * *
The worm bites you.
You die...

######## ##########
#......# #........#
#.####.# #.######.#
#.####.# #)# #.#
#....#.###.######.#######
#..............##........
#....#.###.##...#..######
#.#.##.# #.#.@.....#
#......# #.#..w.#..###
###.#### #....†.......
#.# ###...###.#### #.#
###(# .# ####.#### #'# .#
#.......# .(. ..
#.##.##.# ..... #
#.##..#.# .?..(..


You could see a worm.

Vanquished Creatures
  3 adders (D:2)
  An ooze (D:1)
  A dart slug (D:1)
  A leopard gecko (D:1)
  A bat (D:2)
  2 giant cockroaches (D:1)
  3 goblins (D:1)
  4 hobgoblins
  3 jackals (D:1)
  A quokka (D:2)
  A frilled lizard (D:2)
  5 kobolds
  4 rats (D:1)
30 creatures vanquished.

Notes
Turn   | Place    | Note
-------+----------+-------------------------------------------
     0 | Abyss:1  | Targos the Human Abyssal Knight began the quest for the Orb.
     0 | Abyss:1  | Reached XP level 1. HP: 18/18 MP: 2/2
    50 | Abyss:1  | Noticed a tentacled starspawn
    70 | Abyss:1  | Noticed a large abomination
   126 | Abyss:1  | Noticed a quasit
   127 | D:1      | Escaped the Abyss
   131 | D:1      | No shields
   131 | D:1      | Slings
   496 | D:1      | Reached XP level 2. HP: 22/24 MP: 3/3
   925 | D:1      | Reached XP level 3. HP: 18/29 MP: 4/4
   935 | D:1      | Reached * piety under Lugonu
  1525 | D:2      | Reached skill level 1 in Slings
  1679 | D:2      | Reached XP level 4. HP: 36/36 MP: 5/5
  1700 | D:2      | HP: 1/36 [poisoned by an adder]
  1704 | D:2      | Slain by a worm

Skill      XL: |  1  2  3 |
---------------+----------+-----
Slings         | 1 |  1.4
Fighting       | |  3.6
Long Blades    | |  2.0
Armour         | |  2.7
Dodging        | |  1.2
Stealth        | |  0.9
Invocations    | |  2.1

Action                   |  1- 3 |  4- 6 || total
-------------------------+-------+-------++-------
Melee: Falchion          |    46 |     9 ||    55
 Fire: Hunting sling     |    32 |     3 ||    35
Invok: Depart the Abyss  |     1 |       ||     1
  Use: Potion            |       |     3 ||     3
 Stab: Sleeping          |     1 |       ||     1
  Eat: Fruit             |     3 |       ||     3
       Chunk             |     2 |       ||     2
       Royal jelly       |     1 |       ||     1
Armor: Leather armour    |    10 |       ||    10
Dodge: Dodged            |    35 |     2 ||    37
       Rpst.: Falchion   |     9 |     1 ||    10
